 Seeded DCSS version 0.31-b1-18-g61460d1e46 (webtiles) character file.

Game seed: 2 (custom seed)

1314 Kazon the Sneak (level 8, -8/50 HPs)
             Began as an Octopode Shapeshifter on Jan 16, 2024.
             Was a Follower of Dithmenos.
             Mangled by a gnoll
             ... wielding a +0 halberd
             ... led by a gnoll sergeant
              (10 damage)
             ... on level 6 of the Dungeon.
             The game lasted 00:21:53 (3239 turns).

Kazon the Sneak (Octopode Shapeshifter)             Turns: 3239, Time: 00:21:54

Health: -8/50      AC:  5    Str: 13    XL:     8   Next: 58%
Magic:  0/10       EV: 14    Int: 10    God:    Dithmenos [*.....]
Gold:   56         SH:  5    Dex: 20    Spells: 7/7 levels left

rFire   . . .        x - +3 war axe (drain)
rCold   . . .        y - +0 buckler
rNeg    . . .        (helmet currently unavailable)
rPois   +            g - amulet of guardian spirit
rElec   .            h - +4 ring of slaying
rCorr   +            r - +4 ring of protection
SInv    .            C - ring of poison resistance
Will    .....        D - +6 ring of dexterity
Stlth   ++++++       K - ring of resist corrosion
HPRegen 0.00/turn    (no ring)
MPRegen 0.12/turn    (no ring)
                     (no ring)

%: guardian spirit
@: brilliant, beast-form, inhibited regen, wreathed by umbra
A: beast (slay +2), almost no armour, amphibious, 8 rings, camouflage 1,
gelatinous body 1, (nimble swimmer 1), tentacles, dopey 1, mutation resistance
1, inhibited regeneration
a: Begin Untransformation, Renounce Religion


You were on level 6 of the Dungeon.
You worshipped Dithmenos.
Dithmenos was aware of your devotion.
You were a hulking beast.
You visited 2 branches of the dungeon, and saw 7 of its levels.
You also visited: Ossuary.

You collected 225 gold pieces.
You spent 169 gold pieces at shops.

Inventory:

Hand Weapons
 e - a +0 dagger of venom
 x - a +3 war axe of draining (weapon)
Missiles
 d - 23 stones (quivered)
 s - 11 poisoned darts
Armour
 v - an orb of mayhem
 y - a +0 buckler (worn)
 F - a +0 hat
Jewellery
 g - an amulet of guardian spirit (around mantle)
 h - a +4 ring of slaying (left tentacle)
 r - a +4 ring of protection (right tentacle)
 C - a ring of poison resistance (on tentacle)
 D - a +6 ring of dexterity (on tentacle)
 K - a ring of resist corrosion (on tentacle)
Talismans
 b - a beast talisman (active)
 c - a flux talisman
 L - a serpent talisman
Scrolls
 f - 2 scrolls of immolation {unknown}
 l - a scroll of poison {unknown}
 n - 5 scrolls of teleportation {unknown}
 q - 2 scrolls of enchant armour {unknown}
 t - 3 scrolls of vulnerability {unknown}
 w - a scroll of noise {unknown}
 E - 2 scrolls of identify
 I - 2 scrolls of torment {unknown}
Potions
 a - 3 potions of lignification
 i - 2 potions of mutation
 j - a potion of degeneration {unknown}
 k - a potion of brilliance
 m - a potion of enlightenment
 o - 3 potions of might
 p - 2 potions of attraction {unknown}
 u - 2 potions of cancellation {unknown}
 z - a potion of resistance {unknown}
 A - 2 potions of curing {unknown}
 B - 3 potions of heal wounds {unknown}
 G - a potion of haste {unknown}
 H - a potion of berserk rage {unknown}
 J - a potion of ambrosia {unknown}


   Skills:
 + Level 2.2 Fighting
 + Level 4.1 Short Blades
 + Level 1.7 Throwing
 + Level 3.0 Dodging
 + Level 6.8 Stealth
 + Level 0.1 Shields
 + Level 4.5 Unarmed Combat
 * Level 3.6 Invocations
 + Level 4.9 Shapeshifting


You had 7 spell levels left.
You didn't know any spells.
Your spell library contained the following spells:

 Spells                   Type           Power      Damage    Failure   Level
 Summon Small Mammal      Summ           0%         N/A       47%         1
 Call Canine Familiar     Summ           0%         N/A       85%         3
 Summon Blazeheart Golem  Fire/Summ      0%         N/A       99%         4


Dungeon Overview and Level Annotations

Branches:
Dungeon (6/15)             Temple (1/1) D:5         Ossuary (visited)

Altars:
Ashenzari
Cheibriados
Dithmenos
Elyvilon
Fedhas
Gozag
Hepliaklqana
Makhleb
Nemelex Xobeh
Okawaru
Qazlal
Ru
Sif Muna
Trog
Uskayaw
Vehumet
Wu Jian
Xom
Yredelemnul
Zin
The Shining One

Shops:
D:2 (   D:3 (


Innate Abilities, Weirdness & Mutations

You are a hulking beast.
Your limbs bulge with bestial killing power. (Slay +2)
You cannot wear most types of armour.
You are amphibious.
You can wear up to eight rings at the same time.
Your skin changes colour to match your surroundings (Stealth+).
Your rubbery body absorbs attacks. (AC +1, EV +1)
((You are camouflaged when in or above water. (Stealth+)))
You have tentacles for arms and can constrict up to eight enemies at once.
You are dopey. (Int -2)
You are somewhat resistant to further mutation.
You do not regenerate when monsters are visible.


Message History

You slash the gnoll!
You kill the gnoll!
Dithmenos accepts your kill.
The gnoll sergeant completely misses you.
A gnoll comes into view. It is wielding a +0 halberd.
You closely miss the gnoll. You grab the gnoll.
You constrict the gnoll, but do no damage.
The gnoll hits you but does no damage. You block the gnoll's attack.
The gnoll sergeant hits you from afar with a +3 spear of flaming!
The gnoll sergeant burns you. The gnoll barely misses you.
The gnoll sergeant hits you from afar with a +3 spear of flaming!
The gnoll sergeant burns you. You block the gnoll's attack.
Unknown command.
You release your grip on the gnoll.
The gnoll attacks as it pursues you! You block the gnoll's attack.
You completely miss the gnoll. You grab the gnoll.
You constrict the gnoll, but do no damage.
The gnoll hits you with a +0 whip. The gnoll sergeant barely misses you.
You slash the gnoll!
You kill the gnoll!
Dithmenos accepts your kill.
The gnoll sergeant hits you from afar with a +3 spear of flaming!
The gnoll sergeant burns you.
* * * LOW HITPOINT WARNING * * *
The gnoll sergeant hits you from afar with a +3 spear of flaming.
* * * LOW HITPOINT WARNING * * *
The gnoll sergeant burns you.
* * * LOW HITPOINT WARNING * * *
The gnoll hits you from afar with a +0 halberd!
* * * LOW HITPOINT WARNING * * *
You block the gnoll's attack.
It was a potion of mutation.
You feel extremely strange.
Your regeneration stops near monsters.
You feel stupid.
You feel genetically stable. The gnoll sergeant misses you.
The gnoll misses you. You block the gnoll's attack.
It was a potion of brilliance.
You feel clever all of a sudden.
The gnoll hits you from afar with a +0 halberd!
You die...

#.# #.# #.# #.#
#.# #.# #.# #h#
#g#
......gg)...$.#
##.##g#.#######
.....# .## ...
.. #### .


You could see a gnoll sergeant and 3 gnolls.

Vanquished Creatures
  An orc warrior (D:5)
  2 centaurs (D:5)
  An ogre (D:3)
  A phantom (D:4)
  A scorpion (D:5)
  6 water moccasin zombies (Ossuary)
  A burial acolyte (Ossuary)
  A bombardier beetle (D:5)
  2 hounds
  An iguana (D:5)
  3 orc wizards (D:5)
  2 crocodile zombies (Ossuary)
  A bullfrog simulacrum (Ossuary)
  2 mummies (Ossuary)
  8 adders
  2 gnolls (D:6)
  4 adder zombies (Ossuary)
  3 dart slugs
  A ribbon worm (D:2)
  9 orcs
  3 ball pythons
  5 bats
  11 endoplasms
  2 giant cockroaches (D:3)
  10 gnoll zombies (Ossuary)
  8 goblins
  2 hobgoblins
  2 jackals (D:3)
  7 quokkas
  2 frilled lizards
  2 jackal zombies (Ossuary)
  2 kobolds
  4 orc zombies (Ossuary)
  4 rats
116 creatures vanquished.

Notes
Turn   | Place    | Note
-------+----------+-------------------------------------------
     0 | D:1      | Kazon the Octopode Shapeshifter began the quest for the
                  | Orb.
     0 | D:1      | Reached XP level 1. HP: 13/13 MP: 1/1
    52 | D:1      | Reached XP level 2. HP: 11/18 MP: 2/2
   756 | D:2      | Found Weaqack's Weapon Shop.
   763 | D:2      | Reached XP level 3. HP: 12/23 MP: 3/3
   941 | D:2      | Reached XP level 4. HP: 24/28 MP: 2/4
  1245 | D:3      | Found Hivuethe's Antique Weapon Shoppe.
  1268 | D:3      | Noticed an ogre
  1362 | D:3      | Killed an ogre
  1363 | D:3      | Reached skill level 1 in Stealth
  1363 | D:3      | Reached XP level 5. HP: 14/33 MP: 2/5
  1476 | D:3      | Found a shimmering altar of Xom.
  1541 | D:3      | Reached skill level 1 in Short Blades
  1599 | D:3      | Found a shimmering altar of Xom.
  1641 | D:3      | Found a shimmering altar of Xom.
  1703 | D:3      | You fall into a shaft and drop 1 floor!
  1715 | D:4      | Noticed a phantom
  1758 | D:4      | Reached skill level 2 in Stealth
  1978 | D:4      | Reached XP level 6. HP: 38/38 MP: 6/6
  1985 | D:4      | Found a sacrificial altar of Ru.
  2060 | D:4      | Reached skill level 1 in Throwing
  2132 | D:5      | Entered Level 5 of the Dungeon
  2136 | D:5      | Reached skill level 3 in Stealth
  2170 | D:5      | Reached XP level 7. HP: 43/43 MP: 7/7
  2170 | D:5      | Found a staircase to the Ecumenical Temple.
  2183 | Temple   | Entered the Ecumenical Temple
  2209 | Temple   | Became a worshipper of Dithmenos the Shadowed
  2245 | D:5      | Reached skill level 4 in Stealth
  2303 | D:5      | Reached skill level 1 in Invocations
  2370 | D:5      | Found a sand-covered staircase.
  2379 | Ossuary  | Entered an ossuary
  2426 | Ossuary  | Reached skill level 5 in Stealth
  2481 | Ossuary  | Reached * piety under Dithmenos
  2512 | Ossuary  | Reached XP level 8. HP: 50/50 MP: 9/9
  2519 | Ossuary  | Reached skill level 6 in Stealth
  3179 | D:3      | Bought a runed war axe for 169 gold pieces
  3237 | D:6      | HP: 2/50 [gnoll/+0 halberd[a gnoll sergeant] (8)]
  3238 | D:6      | Gained mutation: You do not regenerate when monsters are
                  | visible. [potion of mutation]
  3238 | D:6      | Gained mutation: You are dopey. (Int -2) [potion of
                  | mutation]
  3238 | D:6      | Gained mutation: You are somewhat resistant to further
                  | mutation. [potion of mutation]
  3239 | D:6      | Mangled by a gnoll

Illustrated notes

Levels and vault maps discovered:
D:1:      lightli_arrival_noodles, layout_loops_ring, skrybe_limestone_x
D:2:      layout_rooms, serial_shops, shop
D:3:      layout_basic, xom_redecorated, serial_shops, nicolae_shop_stone
D:4:      layout_rooms, mainiacjoe_overflow_six_doors_small,
          minmay_misc_feat_five
D:5:      layout_loops_ring, temple_pool_b, mainiacjoe_ossuary_entry_dusty_tomb
D:6:      layout_loops_ring, dk_noncrumbling_3
Temple:   hellmonk_temple_of_storms

Skill      XL: |  1  2  3  4  5  6  7  8 |
---------------+-------------------------+-----
Shapeshifting  | 4 |  4.9
Stealth        | 1 2 3 5 6 |  6.8
Unarmed Combat | 4 |  4.5
Short Blades   | 1 2 3 4 |  4.1
Throwing       | 1 |  1.7
Invocations    | 2 3 |  3.6
Fighting       | 2 |  2.2
Dodging        | 3 |  3.0
Shields        | |  0.1

Action                     |  1- 3 |  4- 6 |  7- 9 || total
---------------------------+-------+-------+-------++-------
  Melee: Dagger            |    17 |    44 |   107 ||   168
         Unarmed           |    30 |    13 |       ||    43
         Constrict         |    13 |    13 |    37 ||    63
         Tentacles         |     6 |    12 |    21 ||    39
         Punch             |     2 |     1 |     7 ||    10
         War axe           |       |       |     4 ||     4
  Throw: Stone             |     7 |     7 |     5 ||    19
         Dart              |       |     4 |     4 ||     8
    Use: Scroll            |     1 |     1 |       ||     2
         Potion            |       |       |     2 ||     2
   Stab: Sleeping          |     2 |     8 |    11 ||    21
 Armour: Skin              |    10 |    31 |    41 ||    82
  Dodge: Dodged            |    25 |    29 |    45 ||    99
  Block: Buckler           |       |       |    18 ||    18
   Form: Beast             |     2 |     1 |       ||     3
         Flux              |     1 |     1 |       ||     2
